 Dungeon Sprint DCSS version 0.31-a0-963-ga325b2283a (webtiles) character file.

Game seed: 15840574879611717783

41 sircluck the Ruffian (level 3, -5/39 HPs)
             Began as a Troll Berserker on Oct 25, 2023.
             Was a Follower of Trog.
             Slain by a troll (9 damage)
             ... in the Dungeon (Sprint VII: "The Pits").
             The game lasted 00:00:16 (79 turns).

sircluck the Ruffian (Troll Berserker)                Turns: 79, Time: 00:00:17

Health: -5/39      AC:  4    Str: 27    XL:     3   Next: 32%
Magic:  2/2        EV: 10    Int:  3    God:    Trog [*.....]
Gold:   0          SH:  0    Dex:  9    Spells: 2/2 levels left

rFire   . .          .
                       - Unarmed
rCold   . . .        (no shield)
rNeg    . . .        a - +0 animal skin
rPois   .            (helmet restricted)
rElec   .            (no cloak)
rCorr   .            (gloves unavailable)
SInv    .            (boots unavailable)
Will    .....        (no amulet)
Stlth   +            (no ring)
HPRegen 1.06/turn    (no ring)
MPRegen 0.08/turn

%: no teleportation
@: no status effects
A: large, unfitting armour, claws 3, regeneration 1, shaggy fur 1, tough skin 1
a: Renounce Religion, Berserk


You were in the Dungeon.
You worshipped Trog.
Trog was aware of your devotion.
You visited 1 branch

Inventory:

Armour
 a - a +0 animal skin (worn)
Scrolls
 g - a scroll of blinking
Potions
 b - a potion of curing
 c - a potion of heal wounds
 d - a potion of haste
 e - 2 potions of magic
 f - a potion of berserk rage


   Skills:
 + Level 4.0 Fighting
 + Level 4.0 Dodging
 + Level 4.8 Unarmed Combat


You had 2 spell levels left.
You didn't know any spells.
Your spell library was empty.

Dungeon Overview and Level Annotations

Branches:
Dungeon (1/1)

Altars:


Innate Abilities, Weirdness & Mutations

You are too large for most types of armour.
You have claws for hands.
Your natural rate of healing is unusually fast.
You are covered in fur. (AC +1)
You have tough skin. (AC +1)


Message History

You start resting.
HP restored.
You start waiting.
A troll is nearby!
A troll is nearby!
A troll is nearby!
A troll is nearby!
A troll is nearby!
You open the door.
A river rat comes into view.
The river rat bites you but does no damage.
The river rat bites you!
There is an open door to the Storerooms (Easy) here.
You claw the river rat!
The river rat is severely wounded.
The river rat bites you but does no damage.
You barely miss the river rat.
The river rat is severely wounded.
The river rat bites you but does no damage.
You claw the river rat!
You kill the river rat!
Trog accepts your kill.
Your Fighting skill increases to level 4!
Your Dodging skill increases to level 4!
You see here a river rat corpse.
You feel yourself speed up.
You see here a river rat corpse.
You start waiting.
You recover from your berserk rage.
The troll shouts!
There is an open door to the Storerooms (Easy) here.
The troll bites you! The troll claws you.
The troll claws you but does no damage.
You claw the troll!
The troll is heavily wounded.
You barely miss the troll.
The troll is heavily wounded.
The troll bites you!!
* * * LOW HITPOINT WARNING * * *
The troll claws you!
You die...

##########++###### #
#+##............T...# .
+.##......#..#......##.
#######.##................''.
........†'..@T............''.
####+#####......#..#......##.
#................# .
####'#####++###### #
#.......# #.......# #.......#
#...<...# #.......#


You could see a troll.

Vanquished Creatures
  A quasit (D)
  A river rat (D)
2 creatures vanquished.

Notes
Turn   | Place    | Note
-------+----------+-------------------------------------------
     0 | D        | sircluck the Troll Berserker began the quest for the Orb.
     0 | D        | Reached XP level 1. HP: 22/22 MP: 0/0
    22 | D        | Noticed a quasit
    22 | D        | Noticed a troll
    38 | D        | Killed a quasit
    39 | D        | Reached XP level 2. HP: 32/32 MP: 1/1
    39 | D        | Reached XP level 3. HP: 39/39 MP: 2/2
    79 | D        | Slain by a troll

Illustrated notes

Levels and vault maps discovered:
D:        pitsprint [storerooms_1, entrance_room_1, metal_vault_2, armoury_1,
          mini_pit_1, grid_room_1, main_hall_1, silver_pit, the_coven_1,
          the_vestibule_1, steel_vault_1, golden_pit, hallway_of_sentries,
          crystal_vault_1, iron_vault_2, final_vault]

Skill      XL: |  1  2  3 |
---------------+----------+-----
Fighting       | 3 4 |  4.0
Dodging        | 3 4 |  4.0
Unarmed Combat | 4 |  4.8

Action                     || total
---------------------------++-------
  Melee: Unarmed           ||     8
 Invoke: Berserk           ||     1
 Armour: Animal skin       ||    13
  Dodge: Dodged            ||     2

Table legend: (Time is in decaauts)
 A = Elapsed time spent in this place.
 B = Non-inter-level travel time spent in this place.
 C = Inter-level travel time spent in this place.
 D = Time resting spent in this place.
 E = Time spent auto-exploring this place.
 F = Levels seen in this place.
 G = Mean time per level.
                   A        B        C        D        E       F      G
               +--------+--------+--------+--------+--------+-----+--------+
         Total |     86 |     86 |      0 |     25 |      0 |   1 |   86.0 |
       Dungeon |     86 |     86 |      0 |     25 |      0 |   1 |   86.0 |
               +--------+--------+--------+--------+--------+-----+--------+

Top non-repeatable levels by time:
       D: 86 daAuts
